 Dungeon Crawl Stone Soup version 0.22-a0-223-g0f5d773 (webtiles) character file.

25 zero the Sneak (level 2, -2/19 HPs)
             Began as a Spriggan Enchanter on Feb 16, 2018.
             Slain by a goblin (3 damage)
             ... on level 1 of the Dungeon on Feb 18, 2018.
             The game lasted 00:02:55 (1507 turns).

zero the Sneak (Spriggan Enchanter)                 Turns: 1507, Time: 00:02:56

Health: -2/19      AC:  2    Str:  9    XL:     2   Next: 86%
Magic:  1/6        EV: 18    Int: 16    God:
Gold:   36         SH:  0    Dex: 16    Spells: 3/6 levels left

rFire    . . .     SeeInvis +   a - +1 dagger
rCold    . . .     Gourm    .   (shield restricted)
rNeg     . . .     Faith    .   b - +0 robe
rPois    .         Spirit   .   (helmet restricted)
rElec    .         Reflect  .   (no cloak)
rCorr    .         Harm     .   (gloves unavailable)
MR       .....                  (boots unavailable)
Stlth    ..........             (no amulet)
HPRegen  0.06/turn              (no ring)
MPRegen  0.10/turn              (no ring)

@: berserking, very slightly contaminated, very quick
A: very small, unfitting armour, see invisible, herbivore, speed 3, slow
metabolism 2
a: no special abilities


You were on level 1 of the Dungeon.
You were not hungry.

You visited 1 branch of the dungeon, and saw 2 of its levels.

You collected 36 gold pieces.

Inventory:

Hand Weapons
 a - a +1 dagger (weapon)
Missiles
 g - a throwing net (quivered)
Armour
 b - a +0 robe (worn)
 f - a cursed +0 robe
Scrolls
 c - a scroll of identify {unknown}
 e - a scroll of teleportation {unknown}
Potions
 h - a potion of berserk rage
Comestibles
 d - 5 rations


   Skills:
 + Level 2.3 Short Blades
 - Level 3.0 Dodging
 + Level 5.4 Stealth
 - Level 2.6 Spellcasting
 - Level 3.6 Hexes


You had 3 spell levels left.
You knew the following spells:

 Your Spells              Type           Power        Failure   Level  Hunger
a - Corona                Hex            ##.....      4%          1    #......
b - Ensorcelled Hibernat  Hex/Ice        #.....       14%         2    ##.....


Dungeon Overview and Level Annotations

Branches:
Dungeon (2/15)

Altars:


Innate Abilities, Weirdness & Mutations

You are very small and have problems with some larger weapons.
You are too small for most types of armour.
You have supernaturally acute eyesight. (SInv)
You are a herbivore.
You cover ground extremely quickly.
You need consume almost no food.


Message History

The bat closely misses you. The goblin hits you but does no damage.
The bat completely misses you.
You see here a stone.
You hit the bat but do no damage.
The bat is moderately wounded.
The bat closely misses you. The bat hits you but does no damage.
The kobold misses you. The goblin hits you.
* * * LOW HITPOINT WARNING * * *
The frilled lizard bites you but does no damage.
The bat barely misses you.
You see here 15 gold pieces.
The bat closely misses you. The bat barely misses you.
It was a potion of berserk rage.
A red film seems to cover your vision as you go berserk!
You feel yourself moving faster!
You feel mighty! The bat barely misses you. The bat closely misses you.
The bat misses you. The goblin closely misses you.
You hit the frilled lizard.
You kill the frilled lizard!
The bat barely misses you. The kobold closely misses you. The goblin hits you.
You die...

###### # #........ #
#.##.##.# # #.##....##
# #.##.....#
######........########
#...##........##.....#
.###....#.#...##(g(..#
.# #...........b@$g..#
.# #....#.#.####.K...#
#...###.#.#.#
#.b.....# #### #.....#
#......$# ..# ###>###
#.#####.# #.# #.# #.#
... # # #.# ... .## #
... #.. #


You could see a hobgoblin, a goblin, 2 bats and a kobold.

Vanquished Creatures
  A dart slug (D:1)
  5 goblins (D:1)
  4 hobgoblins (D:1)
  3 jackals
  A ball python (D:1)
  A bat (D:1)
  A frilled lizard (D:1)
  2 kobolds (D:1)
  4 rats
22 creatures vanquished.

Notes
Turn   | Place    | Note
-------+----------+-------------------------------------------
     0 | D:1      | zero the Spriggan Enchanter began the quest for the Orb.
     0 | D:1      | Reached XP level 1. HP: 9/9 MP: 5/5
   329 | D:1      | Upgraded the game from 0.22-a0-192-g6ffc940 to 0.22-a0-223-g0f5d773
   463 | D:1      | Reached XP level 2. HP: 11/13 MP: 4/6
   466 | D:1      | Reached skill level 5 in Stealth
   823 | D:2      | Learned a level 2 spell: Ensorcelled Hibernation
  1120 | D:2      | Noticed a centaur
  1507 | D:1      | Slain by a goblin

Vault maps used:
D:1:      dpeg_arrival_tiny_d, amethyst_killhole

Skill      XL: |  1  2 |
---------------+-------+-----
Stealth        | 5 |  5.4
Short Blades   | 2 |  2.3
Dodging        | |  3.0
Spellcasting   | |  2.6
Hexes          | |  3.6

Action                   || total
-------------------------++-------
Melee: Dagger            ||    93
 Cast: Corona            ||     5
       Ensorcelled Hiber ||     9
  Use: Potion            ||     1
 Stab: Sleeping          ||    12
Armor: Robe              ||    13
Dodge: Dodged            ||   130

Table legend:
 A = Spawn XP
 B = Non-spawn XP
 C = Spawn XP percentage of total XP
 D = Spawn monster count
 E = Non-spawn monster count
 F = Spawn count percentage of total count
 G = Total turns spent on level
                    A         B        C        D         E        F      G
               +---------+---------+-------+---------+---------+-------+---------
         Total |       0 |      37 |   0.0 |       0 |      22 |   0.0 |  1507
               +---------+---------+-------+---------+---------+-------+---------
           D:1 |       0 |      33 |   0.0 |       0 |      19 |   0.0 |  1066
           D:2 |       0 |       4 |   0.0 |       0 |       3 |   0.0 |   441
               +---------+---------+-------+---------+---------+-------+---------
